 Dungeon Crawl Stone Soup version 0.29.1-15-g9cfb28693d (console) character file.

Game seed: 3623548159890750120

65 Goreval the Changer (level 4, -1/33 HPs)
             Began as a Merfolk Transmuter on Mar 16, 2023.
             Slain by an iguana (5 damage)
             ... on level 3 of the Dungeon.
             The game lasted 00:04:36 (3202 turns).

Goreval the Changer (Merfolk Transmuter)            Turns: 3202, Time: 00:04:37

Health: -1/33      AC:  3    Str: 10    XL:     4   Next: 14%
Magic:  7/7        EV: 12    Int: 14    God:
Gold:   119        SH:  5    Dex: 14    Spells: 1/7 levels left

rFire   . . .      SeeInvis .     - Unarmed
rCold   . . .      Faith    .   l - +2 buckler
rNeg    . . .      Spirit   .   a - +0 robe
rPois   .          Reflect  .   (no helmet)
rElec   .          Harm     .   (no cloak)
rCorr   .          Rampage  .   g - +0 pair of gloves
Will    .....                   (no boots)
Stlth   +.........              (no amulet)
HPRegen 0.11/turn               (no ring)
MPRegen 0.10/turn               (no ring)

@: no status effects
A: (nimble swimmer 2), mertail
a: no special abilities


You were on level 3 of the Dungeon.
You visited 1 branch of the dungeon, and saw 3 of its levels.

You collected 119 gold pieces.

Inventory:

Armour
 a - a +0 robe (worn)
 g - a +0 pair of gloves (worn)
 h - the +1 cloak of Uptirangi {*Slow rCorr Dex+4}
   (You found it on level 2 of the Dungeon)

   Dex:       It affects your dexterity (+4).
   rCorr:     It protects you from acid and corrosion.
   *Slow:     It may slow you when you take damage.
 l - a +2 buckler (worn)
Scrolls
 c - a scroll of poison {unknown}
 f - 4 scrolls of noise {unknown}
 i - a scroll of teleportation {unknown}
 m - a scroll of summoning {unknown}
 n - 2 scrolls of acquirement {unknown}
 q - a scroll of blinking {unknown}
 s - a scroll of enchant armour {unknown}
Potions
 b - a potion of lignification
 d - a potion of haste {unknown}
 e - 2 potions of curing {unknown}
 j - 3 potions of brilliance {unknown}
 k - a potion of flight {unknown}
 o - a potion of cancellation {unknown}
 p - a potion of attraction {unknown}
 r - a potion of magic {unknown}


   Skills:
 + Level 2.0 Fighting
 - Level 2.6 Dodging
 + Level 4.0 Unarmed Combat
 - Level 2.0 Spellcasting
 * Level 4.1 Transmutations
 + Level 0.9 Poison Magic


You had one spell level left.
You knew the following spells:

 Your Spells              Type           Power      Damage    Failure   Level
a - Beastly Appendage     Tmut           26%        N/A       6%          1
b - Wereblood             Tmut           13%        N/A       9%          2
c - Spider Form           Tmut/Pois      8%         N/A       34%         3

Your spell library contained the following spells:

 Spells                   Type           Power      Damage    Failure   Level
 Ozocubu's Armour         Ice            1%         N/A       67%         3
 Ice Form                 Ice/Tmut       7%         N/A       80%         4
 Ozocubu's Refrigeration  Ice            0%         4d7       100%        7


Dungeon Overview and Level Annotations

Branches:
Dungeon (3/15) Zot: 14809

Altars:

Shops:
D:3 [

Annotations:
D:3 Natasha


Innate Abilities, Weirdness & Mutations

((You are very nimble when in or above water. (Stealth+, EV+, Speed+++)))
Your lower body shifts to a powerful aquatic tail in water.


Message History

s - a scroll labelled LEUPTE FAYNO Your transformation is almost over.
Your horns disappear.
There is a stone staircase leading down here.
An iguana comes into view.
The iguana hisses angrily.
You grow a pair of large bovine horns.
Your transformation is almost over.
You hit the iguana. The iguana bites you!
You completely miss the iguana. Your headbutt misses the iguana.
The iguana bites you!
You are too injured to fight recklessly!
You are too injured to fight recklessly!
You are too injured to fight recklessly!
You are too injured to fight recklessly!
You are too injured to fight recklessly!
You are too injured to fight recklessly!
You are too injured to fight recklessly!
You are too injured to fight recklessly!
You are too injured to fight recklessly!
You are too injured to fight recklessly!
You are too injured to fight recklessly!
You are too injured to fight recklessly!
You are too injured to fight recklessly!
You are too injured to fight recklessly!
You are too injured to fight recklessly!
You are too injured to fight recklessly!
You are too injured to fight recklessly!
You are too injured to fight recklessly!
You closely miss the iguana. The iguana bites you!
* * * LOW HITPOINT WARNING * * *
You hit the iguana. The iguana barely misses you.
You closely miss the iguana. Your headbutt misses the iguana.
You block the iguana's attack.
You hit the iguana. You block the iguana's attack.
You hit the iguana. You headbutt the iguana. You block the iguana's attack.
You hit the iguana but do no damage. You block the iguana's attack.
You hit the iguana but do no damage. The iguana barely misses you.
You closely miss the iguana.
Your horns disappear.
The iguana bites you.
You die...

..... #...# #...# ....##
.... #..# #..# ####..###
#..###... #.......#
#....... #.##..#.# # #
#[..... #<....#.####.#.#
..... #.##.......#.#.# ....
#.#####.##†#.... #..
#.#####.##...#.# #l#
#.......##...... #@# #
##########.>.#.# #.# .#
##.##.... #.###.###.
######.## ##.# #.........
#.....## #. #.........
#.####.## .# ##.#......
##.## .# #.#.##### ##.#.#
#.# # ##.<.# #.# #.###.#
#.# ... #∩# # #.# #..
#.###.# #.# #.# ##...# #.#
#.# ##+# ########.### #.#
#.# #..# #.........# #.#
#.##########.####.#######.#
#.# #..........†.<....# #.#
#.# #...>.............#
#.#### #.#
##.###############.# #.....
#.####...# #.# #.####
#........# #.# #.#
######...# #.#######.#
##### #.........#
###########


You could see an iguana.

Vanquished Creatures
  3 adders (D:2)
  A worm (D:3)
  5 ball pythons
  8 endoplasms
  A giant cockroach (D:1)
  2 goblins (D:1)
  A hobgoblin (D:1)
  2 jackals (D:1)
  2 bats (D:2)
  5 frilled lizards
  A kobold (D:1)
  4 rats
35 creatures vanquished.

Notes
Turn   | Place    | Note
-------+----------+-------------------------------------------
     0 | D:1      | Goreval the Merfolk Transmuter began the quest for the Orb.
     0 | D:1      | Reached XP level 1. HP: 15/15 MP: 3/3
    18 | D:1      | Found a faded altar of an unknown god.
   266 | D:1      | Reached XP level 2. HP: 11/21 MP: 3/5
   442 | D:1      | Learned a level 2 spell: Wereblood
  1355 | D:2      | Identified the +1 cloak of Uptirangi {*Slow rCorr Dex+4}
  1570 | D:2      | Reached XP level 3. HP: 6/27 MP: 4/6
  1575 | D:2      | Learned a level 3 spell: Spider Form
  2615 | D:2      | Reached XP level 4. HP: 31/33 MP: 5/7
  2829 | D:3      | Found Calynote's Antique Armour Boutique.
  3019 | D:3      | Noticed Natasha
  3202 | D:3      | Slain by an iguana

Illustrated notes

Levels and vault maps discovered:
D:1:      dpeg_arrival_pond, layout_basic, shapermc_ecumenical_altar_pompeii
D:2:      layout_basic
D:3:      layout_loops_ring, serial_shops, nicolae_diamond_shop, shop,
          nicolae_shop_behind_doors, ebering_ghost_sewer_f,
          reono_crystal_passage, uniq_natasha

Skill      XL: |  1  2  3 |
---------------+----------+-----
Transmutations | 3 4 |  4.1
Unarmed Combat | 4 |  4.0
Fighting       | 2 |  2.0
Dodging        | |  2.6
Spellcasting   | |  2.0
Poison Magic   | |  0.9

Action                   |  1- 3 |  4- 6 || total
-------------------------+-------+-------++-------
Melee: Unarmed           |    90 |    31 ||   121
       Headbutt          |     9 |     5 ||    14
       Punch             |     2 |       ||     2
 Cast: Beastly Appendage |    25 |     7 ||    32
       Wereblood         |     1 |       ||     1
 Stab: Sleeping          |     4 |       ||     4
Armor: Robe              |    14 |       ||    14
Dodge: Dodged            |    43 |    11 ||    54
Block: Buckler           |       |     7 ||     7
